AoeStats
← [YOBA] ♂️CUM♂️BACK

Arabia

506914947Analyzed
1v1 RM · 17d ago on Sep 15, 2026· 46m 24s· 2 players
Game mode
Random Map
Map size
Tiny (2 player)
Population
200
Speed
Normal
Resources
Standard
Victory
Conquest
Starting age
Dark Age
Ending age
Imperial Age
RankedLock teamsTeams togetherTeam positionsShared explorationLock speedFull tech treeHidden civsTurbo modeCheats
Victory
Defeat
🇦🇷 Lithuanians · Argentina
1362
+15
1337
-15
[YOBA] ♂️CUM♂️BACK
5:56 Loom
10:10 Feudal Age
10:20 Man-at-Arms
12:02 Pikeman
16:21 Double-Bit Axe
18:39 Long Swordsman
20:01 Scale Mail Armor
22:39 Horse Collar
26:10 Castle Age
24:51 Fletching
25:52 Padded Archer Armor
26:17 Elite Skirmisher
27:15 Leather Archer Armor
30:12 Bow Saw
30:18 Squires
32:06 Wheelbarrow
34:47 Gold Mining
36:34 Town Watch
37:49 Bodkin Arrow
39:07 Halberdier
40:52 Chain Mail Armor
42:45 Heavy Plow
44:03 Forging
47:39 Imperial Age
abu5aled
6:35 Loom
8:30 Feudal Age
9:21 Double-Bit Axe
19:04 Castle Age
18:44 Bloodlines
18:29 Fletching
18:21 Horse Collar
18:33 Gold Mining
18:44 Padded Archer Armor
19:00 Bloodlines
21:20 Bodkin Arrow
24:48 Bow Saw
30:11 Husbandry
30:25 Scale Barding Armor
30:59 Wheelbarrow
33:20 Chain Barding Armor
34:15 Forging
34:18 Heavy Plow
35:33 Iron Casting
40:46 Herbal Medicine
42:27 Masonry
Connection lost

Rejoining the realm…

Still unreachable

The connection could not be restored.

Session expired

The server has moved on; the page needs a fresh start.